Stars vs Avalanche
Created - 3 avril 2013 at 23:28
Goals
|
| Stars |
2 |
0 |
0 |
2 |
| Avalanche |
2 |
1 |
1 |
4 |
|
Shots
|
| Stars |
5 |
12 |
12 |
29 |
| Avalanche |
8 |
8 |
3 |
19 |
|
1st period
1. Stars , David Legwand 28 (Milan Hejduk, Cory Stillman) at 4:29
2. Avalanche , Oleg Kvasha 13 (Ryan Smyth, Jason Pominville) at 11:33
3. Avalanche , Mike Comrie 22 (Rostislav Olesz, Radim Vrbata) at 15:05
4. Stars , Alexei Morozov 28 (Mike Modano, Patrik Elias) at 15:17
Penalties :
No Penalty
2nd period
5. Avalanche , Mike Comrie 23 (Rostislav Olesz) at 11:16
Penalties :
Dustin Byfuglien (Col) for High sticking (Minor) at 14:10
3rd period
6. Avalanche , Jeff Taffe 9 (Ryan Smyth, Marc Staal) at 14:08 (SH)
Penalties :
Oleg Kvasha (Col) for Hooking (Minor) at 0:38, Braydon Coburn (Dal) for Tripping (Minor) at 6:08, Mike Comrie (Col) for Hooking (Minor) at 12:12, Dave Tanabe (Col) for Roughing (Minor) at 15:01, Mike Comrie (Col) for Goalie Interference (Minor) at 17:23
Goalie Stats
Pascal Leclaire (Dal), 15 saves from 19 shots - (0,789), L, 23-17-4, 60:00 minutes
Antti Niemi (Col), 27 saves from 29 shots - (0,931), W, 17-20-4, 60:00 minutes
Players Stats for Stars
Player Name G A P +/- PIM S H SB GA TA FO MP PP MP PK MP
------------------------------------------------------------------------------------
Alexei Morozov 1 0 1 -1 0 3 0 1 2 0 1/1 20:21 5:41 0:00
Braydon Coburn 0 0 0 -1 2 3 1 1 0 2 0/0 25:28 5:17 0:00
Brendan Bell 0 0 0 -1 0 1 1 0 0 0 0/0 19:19 4:38 1:19
Cory Stillman 0 1 1 -1 0 1 2 0 1 1 0/1 19:40 4:03 0:52
David Legwand 1 0 1 -1 0 6 3 1 0 1 8/18 19:47 4:03 0:45
Evgeny Artyukhin 0 0 0 0 0 3 1 0 1 0 0/0 10:33 0:11 0:00
Filip Novak 0 0 0 -1 0 0 1 0 2 3 0/0 20:29 4:38 1:19
Glen Metropolit 0 0 0 0 0 1 2 0 0 0 0/0 7:57 0:00 0:00
Jan Hlavac 0 0 0 0 0 0 0 0 0 0 0/0 8:48 0:11 0:36
Marcus Nilson 0 0 0 0 0 0 1 0 0 0 0/0 10:04 0:00 0:00
Mark Parrish 0 0 0 0 0 0 2 0 0 1 0/0 7:57 0:00 0:00
Mathieu Schneider 0 0 0 -1 0 3 0 0 0 0 0/0 25:13 5:17 0:00
Matthew Spiller 0 0 0 0 0 0 1 1 0 1 0/0 16:15 0:00 0:40
Mike Modano 0 1 1 -1 0 2 2 0 1 0 17/23 21:22 5:41 1:01
Milan Hejduk 0 1 1 -1 0 4 1 1 1 0 1/1 19:32 4:03 0:22
Patrik Elias 0 1 1 -1 0 1 1 0 0 0 0/2 20:21 5:41 0:00
Randy Jones 0 0 0 0 0 1 0 0 0 0 0/0 13:37 0:00 0:40
Steve Rucchin 0 0 0 0 0 0 0 1 0 0 2/4 11:17 0:11 0:22
Players Stats for Avalanche
Player Name G A P +/- PIM S H SB GA TA FO MP PP MP PK MP
------------------------------------------------------------------------------------
Andrew Ladd 0 0 0 0 0 0 1 1 2 0 0/1 14:01 0:16 4:01
Chuck Kobasew 0 0 0 0 0 1 4 1 0 1 0/0 14:12 0:00 5:22
Dave Tanabe 0 0 0 0 2 0 0 3 2 3 0/0 19:54 1:00 3:06
Dustin Byfuglien 0 0 0 0 2 0 0 2 0 0 0/0 9:49 0:00 0:00
Éric Perrin 0 0 0 0 0 0 1 0 0 0 1/2 11:00 0:00 1:08
Jack Johnson 0 0 0 0 0 0 1 2 1 0 0/0 23:19 1:00 3:43
Jason Pominville 0 1 1 -1 0 1 0 0 0 0 0/1 17:06 0:55 0:00
Jeff Taffe 1 0 1 1 0 4 1 0 0 0 0/0 9:54 0:59 0:28
John-Michael Liles 0 0 0 2 0 0 0 3 0 0 0/0 15:26 0:59 0:59
Marc Staal 0 1 1 0 0 0 0 1 0 3 0/0 24:42 0:00 5:50
Mattias Norstrom 0 0 0 1 0 1 0 2 0 0 0/0 15:53 0:00 0:07
Maxim Talbot 0 0 0 0 0 1 0 0 0 0 6/12 13:41 0:00 5:06
Mike Comrie 2 0 2 2 4 5 0 1 0 0 4/11 15:39 0:55 1:05
Oleg Kvasha 1 0 1 -1 2 1 2 0 0 0 9/21 16:57 0:48 0:00
Ossi Vaananen 0 0 0 1 0 0 0 1 0 0 0/0 19:28 0:00 6:05
Radim Vrbata 0 1 1 2 0 1 1 1 2 0 0/0 14:31 1:04 0:00
Rostislav Olesz 0 2 2 2 0 0 2 1 2 0 0/1 14:34 1:04 0:00
Ryan Smyth 0 2 2 0 0 4 2 1 0 1 1/1 19:54 0:55 2:40
3 Stars
1 - Rostislav Olesz (Col)
2 - Mike Comrie (Col)
3 - Jeff Taffe (Col)
Power Play
Stars - 0 on 5 Attempt(s) - 0,00%
Avalanche - 0 on 1 Attempt(s) - 0,00%
Penalty Kill
Stars - 1 on 1 Attempt(s) - 100,00%
- Score 0 goal in Penalty Kill
Avalanche - 5 on 5 Attempt(s) - 100,00%
- Score 1 goal in Penalty Kill
Official
Referees : Hebert Ghislain and Kozari Steve
Linesman : Ryan Galloway and Steve Barton
Game Notes
No Game Note
Finance
Level 1 -- Attendance: 5114 (85,23%) -- Ticket Income 450 032 $
Level 2 -- Attendance: 4359 (87,18%) -- Ticket Income 231 027 $
Level 3 -- Attendance: 1956 (97,80%) -- Ticket Income 58 680 $
Level 4 -- Attendance: 3532 (88,30%) -- Ticket Income 67 108 $
Luxury Box -- Attendance: 879 (87,90%) -- Ticket Income 149 430 $
Game was played at the Pepsi Center
Total Attendance: 15840 (88,00%)
Total Ticket Income: 956 277 $
Total Income: 956 277 $
Stars
5 vs 5 Forward
Center Left Wing Right Wing Time % Phy DF OF
1 Mike Modano Patrik Elias Alexei Morozov 40 0 1 4
2 David Legwand Cory Stillman Milan Hejduk 40 0 1 4
3 Steve Rucchin Marcus Nilson Evgeny Artyukhin 12 1 2 2
4 Glen Metropolit Jan Hlavac Mark Parrish 8 1 2 2
5 vs 5 Defense
Defense Defense Time % Phy DF OF
1 Mathieu Schneider Braydon Coburn 40 1 2 2
2 Filip Novak Matthew Spiller 30 1 2 2
3 Randy Jones Brendan Bell 20 1 2 2
4 Mathieu Schneider Braydon Coburn 10 1 2 2
PowerPlay Forward
Center Left Wing Right Wing Time % Phy DF OF
1 Mike Modano Patrik Elias Alexei Morozov 60 0 0 5
2 David Legwand Cory Stillman Milan Hejduk 40 0 0 5
PowerPlay Defense
Defense Defense Time % Phy DF OF
1 Mathieu Schneider Braydon Coburn 60 0 1 4
2 Filip Novak Brendan Bell 40 0 1 4
Penalty Kill 4 Players Forward
Center Wing Time % Phy DF OF
1 Mike Modano Cory Stillman 60 1 3 1
2 Steve Rucchin Milan Hejduk 40 1 3 1
Penalty Kill 4 Players Defense
Defense Defense Time % Phy DF OF
1 Filip Novak Braydon Coburn 60 1 3 1
2 Matthew Spiller Randy Jones 40 1 3 1
Penalty Kill - 3 Players Forward
Forward Time % Phy DF OF
1 Mike Modano 60 1 3 1
2 Steve Rucchin 40 1 3 1
Penalty Kill - 3 Players Defense
Defense Defense Time % Phy DF OF
1 Filip Novak Braydon Coburn 60 1 3 1
2 Matthew Spiller Randy Jones 40 1 3 1
4 vs 4 Forward
Center Wing Time % Phy DF OF
1 Mike Modano Alexei Morozov 60 0 1 4
2 David Legwand Cory Stillman 40 0 1 4
4 vs 4 Defense
Defense Defense Time % Phy DF OF
1 Mathieu Schneider Braydon Coburn 60 0 1 4
2 Filip Novak Brendan Bell 40 0 1 4
Last Minutes Offensive
Center Left Wing Right Wing Defense Defense
Mike Modano Patrik Elias Alexei Morozov Mathieu Schneider Braydon Coburn
Last Minutes Defensive
Center Left Wing Right Wing Defense Defense
Mike Modano Cory Stillman Alexei Morozov Filip Novak Braydon Coburn
Goaltenders
Starting : Pascal Leclaire
Backup : Chris Osgood
Extra Forwards
Normal : David Legwand, Mike Modano, Steve Rucchin - PP : Mike Modano, Steve Rucchin - PK : David Legwand
Extra Defensemen
Normal : Brendan Bell, Randy Jones, Braydon Coburn - PP : Randy Jones - PK : Brendan Bell, Matthew Spiller
Penalty Shots
Mike Modano, Alexei Morozov, Milan Hejduk, Cory Stillman, Steve Rucchin
Avalanche
5 vs 5 Forward
Center Left Wing Right Wing Time % Phy DF OF
1 Oleg Kvasha Ryan Smyth Jason Pominville 40 1 2 2
2 Mike Comrie Rostislav Olesz Radim Vrbata 30 1 2 2
3 Maxim Talbot Jeff Taffe Chuck Kobasew 15 1 2 2
4 Éric Perrin Andrew Ladd Dustin Byfuglien 15 2 2 1
5 vs 5 Defense
Defense Defense Time % Phy DF OF
1 Marc Staal Jack Johnson 40 1 2 2
2 Mattias Norstrom Dave Tanabe 33 1 2 2
3 Ossi Vaananen John-Michael Liles 27 1 2 2
4 Jack Johnson Marc Staal 0 1 2 2
PowerPlay Forward
Center Left Wing Right Wing Time % Phy DF OF
1 Mike Comrie Ryan Smyth Jason Pominville 60 1 2 2
2 Oleg Kvasha Rostislav Olesz Radim Vrbata 40 1 2 2
PowerPlay Defense
Defense Defense Time % Phy DF OF
1 Jack Johnson Dave Tanabe 60 1 2 2
2 Jeff Taffe John-Michael Liles 40 1 2 2
Penalty Kill 4 Players Forward
Center Wing Time % Phy DF OF
1 Maxim Talbot Chuck Kobasew 60 1 2 2
2 Mike Comrie Andrew Ladd 40 1 2 2
Penalty Kill 4 Players Defense
Defense Defense Time % Phy DF OF
1 Marc Staal Ossi Vaananen 60 1 2 2
2 Jack Johnson Dave Tanabe 40 1 2 2
Penalty Kill - 3 Players Forward
Forward Time % Phy DF OF
1 Ryan Smyth 60 1 2 2
2 Jason Pominville 40 1 2 2
Penalty Kill - 3 Players Defense
Defense Defense Time % Phy DF OF
1 Marc Staal Ossi Vaananen 60 1 2 2
2 Jack Johnson Dave Tanabe 40 1 2 2
4 vs 4 Forward
Center Wing Time % Phy DF OF
1 Ryan Smyth Jason Pominville 60 1 2 2
2 Oleg Kvasha Mike Comrie 40 1 2 2
4 vs 4 Defense
Defense Defense Time % Phy DF OF
1 Dave Tanabe Mattias Norstrom 60 1 2 2
2 Marc Staal Jack Johnson 40 1 2 2
Last Minutes Offensive
Center Left Wing Right Wing Defense Defense
Mike Comrie Ryan Smyth Jason Pominville Dave Tanabe Jack Johnson
Last Minutes Defensive
Center Left Wing Right Wing Defense Defense
Mike Comrie Ryan Smyth Jason Pominville Marc Staal Jack Johnson
Goaltenders
Starting : Antti Niemi
Backup : Patrick Lalime
Extra Forwards
Normal : Radim Vrbata, Chuck Kobasew, Andrew Ladd - PP : Andrew Ladd, Dustin Byfuglien - PK : Ryan Smyth
Extra Defensemen
Normal : Ossi Vaananen, Jack Johnson, Marc Staal - PP : Ossi Vaananen - PK : Jack Johnson, Marc Staal
Penalty Shots
Ryan Smyth, Oleg Kvasha, Andrew Ladd, Radim Vrbata, Mike Comrie
% Time on Ice - Stars
Lines # - Real PCT - Wanted PCT - Time Play
Normal Forward
1 - 31% - 40% - 14:58
2 - 31% - 40% - 15:07
3 - 21% - 12% - 10:04
4 - 17% - 8% - 7:57
Normal Defense
1 - 38% - 40% - 18:13
2 - 34% - 30% - 16:30
3 - 24% - 20% - 11:27
4 - 4% - 10% - 1:56
PP Forward
1 - 59% - 60% - 5:52
2 - 41% - 40% - 4:03
PP Defense
1 - 53% - 60% - 5:17
2 - 47% - 40% - 4:38
PK Forward
1 - 82% - 60% - 1:37
2 - 18% - 40% - 0:22
PK Defense
1 - 66% - 60% - 1:19
2 - 34% - 40% - 0:40
PK3 Forward
1 - 0% - 60%
2 - 0% - 40%
PK3 Defense
1 - 0% - 60%
2 - 0% - 40%
44 Forward
1 - 0% - 60%
2 - 0% - 40%
44 Defense
1 - 0% - 60%
2 - 0% - 40%
Last Minute Offensive - 0:00
Last Minute Defensive - 0:00
Total
Forward - 60:00
Defense - 60:00
|
% Time on Ice - Avalanche
Lines # - Real PCT - Wanted PCT - Time Play
Normal Forward
1 - 34% - 40% - 16:29
2 - 28% - 30% - 13:25
3 - 17% - 15% - 8:22
4 - 20% - 15% - 9:50
Normal Defense
1 - 39% - 40% - 18:52
2 - 34% - 33% - 16:10
3 - 27% - 27% - 13:04
4 - 0% - 0% - 0:00
PP Forward
1 - 46% - 60% - 0:55
2 - 54% - 40% - 1:04
PP Defense
1 - 50% - 60% - 1:00
2 - 50% - 40% - 0:59
PK Forward
1 - 73% - 60% - 7:16
2 - 27% - 40% - 2:39
PK Defense
1 - 64% - 60% - 6:21
2 - 36% - 40% - 3:34
PK3 Forward
1 - 0% - 60%
2 - 0% - 40%
PK3 Defense
1 - 0% - 60%
2 - 0% - 40%
44 Forward
1 - 0% - 60%
2 - 0% - 40%
44 Defense
1 - 0% - 60%
2 - 0% - 40%
Last Minute Offensive - 0:00
Last Minute Defensive - 0:00
Total
Forward - 60:00
Defense - 60:00
|
Play by Play
1st period
0:01 of 1st period - Mike Modano wins face-off versus Oleg Kvasha in neutral zone.
0:04 of 1st period - Jack Johnson is hit by Mike Modano and loses puck.
1:52 of 1st period - Slapshot by Mike Comrie.
1:52 of 1st period - Stopped by Pascal Leclaire without a rebound.
1:53 of 1st period - Mike Modano wins face-off versus Mike Comrie in Stars zone.
1:53 of 1st period - Mike Modano is hit by Jack Johnson.
1:59 of 1st period - Slapshot by Alexei Morozov.
1:59 of 1st period - Shot Misses the Net.
2:25 of 1st period - Slapshot by Ryan Smyth.
2:25 of 1st period - Stopped by Pascal Leclaire without a rebound.
2:26 of 1st period - David Legwand wins face-off versus Oleg Kvasha in Stars zone.
2:26 of 1st period - David Legwand is hit by Ryan Smyth.
2:31 of 1st period - Off-side.
2:32 of 1st period - David Legwand wins face-off versus Oleg Kvasha in neutral zone.
2:35 of 1st period - Snap shot by David Legwand.
2:35 of 1st period - Stopped by Antti Niemi without a rebound.
2:36 of 1st period - Oleg Kvasha wins face-off versus David Legwand in Avalanche zone.
4:02 of 1st period - David Legwand is hit by Ryan Smyth and loses puck.
4:27 of 1st period - Snap shot by Milan Hejduk.
4:27 of 1st period - Shot Misses the Net.
4:29 of 1st period - Slapshot by David Legwand.
4:29 of 1st period - Deflect By Dave Tanabe.
4:29 of 1st period - Goal by David Legwand - Stars : 1 - Avalanche : 0.
4:30 of 1st period - Mike Modano wins face-off versus Rostislav Olesz in neutral zone.
4:35 of 1st period - Wrist shot by Patrik Elias.
4:35 of 1st period - Shot Blocked by John-Michael Liles.
5:40 of 1st period - Marc Staal is hit by Mike Modano and loses puck.
7:22 of 1st period - Icing by Filip Novak.
7:23 of 1st period - Maxim Talbot wins face-off versus David Legwand in Stars zone.
7:24 of 1st period - Snap shot by Jeff Taffe.
7:24 of 1st period - Stopped by Pascal Leclaire with a rebound.
9:05 of 1st period - Off-side.
9:06 of 1st period - Mike Comrie wins face-off versus Mike Modano in neutral zone.
10:17 of 1st period - Wrist shot by Jeff Taffe.
10:17 of 1st period - Shot Misses the Net.
10:40 of 1st period - Icing by Radim Vrbata.
10:41 of 1st period - Mike Modano wins face-off versus Mike Comrie in Avalanche zone.
10:44 of 1st period - Wrist shot by Alexei Morozov.
10:44 of 1st period - Shot Misses the Net.
10:52 of 1st period - Slapshot by Mike Comrie.
10:52 of 1st period - Stopped by Pascal Leclaire with a rebound.
10:56 of 1st period - Snap shot by Radim Vrbata.
10:56 of 1st period - Shot Blocked by Alexei Morozov.
10:58 of 1st period - Snap shot by Mike Comrie.
10:58 of 1st period - Shot Misses the Net.
11:00 of 1st period - Slapshot by Dave Tanabe.
11:00 of 1st period - Shot Misses the Net.
11:02 of 1st period - Slapshot by Dave Tanabe.
11:02 of 1st period - Deflect By Mike Comrie.
11:02 of 1st period - Shot Misses the Net.
11:02 of 1st period - Puck is out of play.
11:03 of 1st period - Oleg Kvasha wins face-off versus David Legwand in Stars zone.
11:12 of 1st period - Wrist shot by Ryan Smyth.
11:12 of 1st period - Stopped by Pascal Leclaire without a rebound.
11:13 of 1st period - David Legwand wins face-off versus Oleg Kvasha in Stars zone.
11:33 of 1st period - Slapshot by Ryan Smyth.
11:33 of 1st period - Deflect By Oleg Kvasha.
11:33 of 1st period - Goal by Oleg Kvasha - Stars : 1 - Avalanche : 1.
11:34 of 1st period - Oleg Kvasha wins face-off versus Mike Modano in neutral zone.
12:20 of 1st period - Snap shot by Milan Hejduk.
12:20 of 1st period - Deflect By Evgeny Artyukhin.
12:20 of 1st period - Shot Misses the Net.
12:20 of 1st period - Puck is out of play.
12:21 of 1st period - Éric Perrin wins face-off versus Steve Rucchin in Avalanche zone.
13:11 of 1st period - Wrist shot by Ryan Smyth.
13:11 of 1st period - Shot Misses the Net.
14:06 of 1st period - Evgeny Artyukhin is hit by Chuck Kobasew and loses puck.
14:17 of 1st period - Slapshot by Jeff Taffe.
14:17 of 1st period - Stopped by Pascal Leclaire without a rebound.
14:18 of 1st period - Mike Modano wins face-off versus Oleg Kvasha in Stars zone.
14:23 of 1st period - Jason Pominville is hit by Matthew Spiller and loses puck.
14:34 of 1st period - Snap shot by Mike Modano.
14:34 of 1st period - Stopped by Antti Niemi with a rebound.
14:46 of 1st period - Snap shot by Milan Hejduk.
14:46 of 1st period - Deflect By Cory Stillman.
14:46 of 1st period - Shot Misses the Net.
14:46 of 1st period - Puck is out of play.
14:47 of 1st period - Mike Comrie wins face-off versus David Legwand in Avalanche zone.
15:05 of 1st period - Snap shot by Mike Comrie.
15:05 of 1st period - Goal by Mike Comrie - Stars : 1 - Avalanche : 2.
15:06 of 1st period - Oleg Kvasha wins face-off versus Mike Modano in neutral zone.
15:15 of 1st period - Snap shot by Mike Modano.
15:15 of 1st period - Shot Misses the Net.
15:17 of 1st period - Wrist shot by Alexei Morozov.
15:17 of 1st period - Goal by Alexei Morozov - Stars : 2 - Avalanche : 2.
15:18 of 1st period - Oleg Kvasha wins face-off versus Mike Modano in neutral zone.
15:20 of 1st period - Off-side.
15:21 of 1st period - Mike Modano wins face-off versus Oleg Kvasha in neutral zone.
15:34 of 1st period - Snap shot by Alexei Morozov.
15:34 of 1st period - Stopped by Antti Niemi with a rebound.
15:36 of 1st period - Slapshot by Braydon Coburn.
15:36 of 1st period - Deflect By Alexei Morozov.
15:36 of 1st period - Deflect By Jason Pominville.
15:36 of 1st period - Shot Misses the Net.
15:36 of 1st period - Puck is out of play.
15:37 of 1st period - Mike Comrie wins face-off versus David Legwand in Avalanche zone.
15:46 of 1st period - Slapshot by Mathieu Schneider.
15:46 of 1st period - Shot Blocked by Mike Comrie.
15:52 of 1st period - Slapshot by David Legwand.
15:52 of 1st period - Shot Blocked by Jack Johnson.
16:25 of 1st period - Off-side.
16:26 of 1st period - Steve Rucchin wins face-off versus Éric Perrin in neutral zone.
16:57 of 1st period - Snap shot by Mike Modano.
16:57 of 1st period - Shot Blocked by Ryan Smyth.
17:31 of 1st period - Chuck Kobasew is hit by Glen Metropolit and loses puck.
17:44 of 1st period - Snap shot by Glen Metropolit.
17:44 of 1st period - Shot Misses the Net.
18:56 of 1st period - Milan Hejduk is hit by Chuck Kobasew.
19:12 of 1st period - Snap shot by Glen Metropolit.
19:12 of 1st period - Shot Blocked by Dustin Byfuglien.
19:14 of 1st period - Snap shot by Mark Parrish.
19:14 of 1st period - Shot Misses the Net.
19:24 of 1st period - Dave Tanabe is hit by Mark Parrish and loses puck.
19:59 of 1st period - Off-side.
2nd period
0:01 of 2nd period - Mike Modano wins face-off versus Oleg Kvasha in neutral zone.
0:10 of 2nd period - Slapshot by Alexei Morozov.
0:10 of 2nd period - Stopped by Antti Niemi with a rebound.
0:12 of 2nd period - Slapshot by Mathieu Schneider.
0:12 of 2nd period - Stopped by Antti Niemi without a rebound.
0:13 of 2nd period - Ryan Smyth wins face-off versus Patrik Elias in Avalanche zone.
0:47 of 2nd period - Slapshot by Milan Hejduk.
0:47 of 2nd period - Stopped by Antti Niemi with a rebound.
0:49 of 2nd period - Wrist shot by Cory Stillman.
0:49 of 2nd period - Shot Misses the Net.
1:56 of 2nd period - Snap shot by Ryan Smyth.
1:56 of 2nd period - Shot Blocked by David Legwand.
1:58 of 2nd period - Backhand shot by Ryan Smyth.
1:58 of 2nd period - Stopped by Pascal Leclaire without a rebound.
1:59 of 2nd period - Mike Modano wins face-off versus Mike Comrie in Stars zone.
2:33 of 2nd period - Snap shot by Alexei Morozov.
2:33 of 2nd period - Shot Blocked by Jack Johnson.
2:35 of 2nd period - Wrist shot by Patrik Elias.
2:35 of 2nd period - Shot Hit the Post.
3:29 of 2nd period - Wrist shot by Andrew Ladd.
3:29 of 2nd period - Shot Misses the Net.
3:38 of 2nd period - Off-side.
3:39 of 2nd period - Oleg Kvasha wins face-off versus David Legwand in neutral zone.
3:44 of 2nd period - Wrist shot by Oleg Kvasha.
3:44 of 2nd period - Shot Misses the Net.
3:46 of 2nd period - Slapshot by Mattias Norstrom.
3:46 of 2nd period - Deflect By Cory Stillman.
3:46 of 2nd period - Stopped by Pascal Leclaire with a rebound.
4:01 of 2nd period - Icing by Cory Stillman.
4:02 of 2nd period - Steve Rucchin wins face-off versus Mike Comrie in Stars zone.
4:37 of 2nd period - Snap shot by Cory Stillman.
4:37 of 2nd period - Shot Blocked by John-Michael Liles.
4:55 of 2nd period - Backhand shot by Chuck Kobasew.
4:55 of 2nd period - Stopped by Pascal Leclaire with a rebound.
5:23 of 2nd period - Snap shot by Evgeny Artyukhin.
5:23 of 2nd period - Stopped by Antti Niemi without a rebound.
5:24 of 2nd period - David Legwand wins face-off versus Mike Comrie in Avalanche zone.
5:31 of 2nd period - Slapshot by Radim Vrbata.
5:31 of 2nd period - Shot Blocked by Milan Hejduk.
5:49 of 2nd period - Dave Tanabe is hit by Glen Metropolit and loses puck.
5:54 of 2nd period - Snap shot by Glen Metropolit.
5:54 of 2nd period - Stopped by Antti Niemi with a rebound.
6:22 of 2nd period - Jason Pominville is hit by Patrik Elias and loses puck.
6:43 of 2nd period - Slapshot by Dave Tanabe.
6:43 of 2nd period - Shot Blocked by Matthew Spiller.
6:45 of 2nd period - Slapshot by Dave Tanabe.
6:45 of 2nd period - Shot Blocked by Steve Rucchin.
6:55 of 2nd period - Slapshot by Cory Stillman.
6:55 of 2nd period - Shot Misses the Net.
6:57 of 2nd period - Snap shot by Cory Stillman.
6:57 of 2nd period - Shot Misses the Net.
6:59 of 2nd period - Snap shot by Cory Stillman.
6:59 of 2nd period - Shot Blocked by Dustin Byfuglien.
7:01 of 2nd period - Wrist shot by Cory Stillman.
7:01 of 2nd period - Deflect By David Legwand.
7:01 of 2nd period - Stopped by Antti Niemi with a rebound.
7:19 of 2nd period - Snap shot by Ryan Smyth.
7:19 of 2nd period - Stopped by Pascal Leclaire with a rebound.
8:12 of 2nd period - Snap shot by Cory Stillman.
8:12 of 2nd period - Shot Misses the Net.
8:20 of 2nd period - Snap shot by David Legwand.
8:20 of 2nd period - Stopped by Antti Niemi with a rebound.
8:22 of 2nd period - Snap shot by Cory Stillman.
8:22 of 2nd period - Stopped by Antti Niemi with a rebound.
9:01 of 2nd period - Off-side.
9:02 of 2nd period - Milan Hejduk wins face-off versus Maxim Talbot in neutral zone.
9:09 of 2nd period - Off-side.
9:10 of 2nd period - Maxim Talbot wins face-off versus Cory Stillman in neutral zone.
9:20 of 2nd period - Snap shot by Jeff Taffe.
9:20 of 2nd period - Stopped by Pascal Leclaire with a rebound.
9:32 of 2nd period - Snap shot by David Legwand.
9:32 of 2nd period - Deflect By Cory Stillman.
9:32 of 2nd period - Shot Blocked by Dave Tanabe.
9:32 of 2nd period - Puck is out of play.
9:33 of 2nd period - Mike Modano wins face-off versus Oleg Kvasha in Avalanche zone.
9:48 of 2nd period - Wrist shot by Jason Pominville.
9:48 of 2nd period - Stopped by Pascal Leclaire without a rebound.
9:49 of 2nd period - David Legwand wins face-off versus Mike Comrie in Stars zone.
9:49 of 2nd period - Mathieu Schneider is hit by Radim Vrbata and loses puck.
9:56 of 2nd period - Backhand shot by Cory Stillman.
9:56 of 2nd period - Shot Misses the Net.
9:58 of 2nd period - Wrist shot by Cory Stillman.
9:58 of 2nd period - Shot Blocked by Dave Tanabe.
10:00 of 2nd period - Wrist shot by Milan Hejduk.
10:00 of 2nd period - Shot Misses the Net.
10:02 of 2nd period - Wrist shot by David Legwand.
10:02 of 2nd period - Shot Misses the Net.
10:04 of 2nd period - Wrist shot by Cory Stillman.
10:04 of 2nd period - Shot Misses the Net.
10:37 of 2nd period - Dave Tanabe is hit by Filip Novak and loses puck.
10:44 of 2nd period - Mike Modano is hit by Rostislav Olesz and loses puck.
11:16 of 2nd period - Snap shot by Mike Comrie.
11:16 of 2nd period - Goal by Mike Comrie - Stars : 2 - Avalanche : 3.
11:17 of 2nd period - Oleg Kvasha wins face-off versus David Legwand in neutral zone.
11:44 of 2nd period - Marcus Nilson is hit by Jeff Taffe and loses puck.
12:11 of 2nd period - Snap shot by Mike Modano.
12:11 of 2nd period - Shot Blocked by Dave Tanabe.
12:27 of 2nd period - Randy Jones is hit by Oleg Kvasha and loses puck.
13:39 of 2nd period - Slapshot by John-Michael Liles.
13:39 of 2nd period - Shot Misses the Net.
14:06 of 2nd period - Jack Johnson is hit by Evgeny Artyukhin and loses puck.
14:10 of 2nd period - Minor Penalty to Dustin Byfuglien for High sticking.
14:11 of 2nd period - Maxim Talbot wins face-off versus Mike Modano in Avalanche zone.
14:22 of 2nd period - Wrist shot by Maxim Talbot.
14:22 of 2nd period - Stopped by Pascal Leclaire without a rebound.
14:23 of 2nd period - Mike Modano wins face-off versus Maxim Talbot in Stars zone.
14:23 of 2nd period - Mike Modano is hit by Chuck Kobasew.
14:33 of 2nd period - Slapshot by Mathieu Schneider.
14:33 of 2nd period - Deflect By Maxim Talbot.
14:33 of 2nd period - Stopped by Antti Niemi with a rebound.
14:35 of 2nd period - Snap shot by Alexei Morozov.
14:35 of 2nd period - Deflect By Mike Modano.
14:35 of 2nd period - Stopped by Antti Niemi without a rebound.
14:36 of 2nd period - Mike Modano wins face-off versus Maxim Talbot in Avalanche zone.
14:47 of 2nd period - Snap shot by Patrik Elias.
14:47 of 2nd period - Shot Misses the Net.
14:49 of 2nd period - Snap shot by Patrik Elias.
14:49 of 2nd period - Stopped by Antti Niemi without a rebound.
14:50 of 2nd period - Mike Modano wins face-off versus Maxim Talbot in Avalanche zone.
15:15 of 2nd period - Chuck Kobasew is hit by Milan Hejduk.
16:10 of 2nd period - Penalty to Dustin Byfuglien is over, Dustin Byfuglien is back on ice.
16:22 of 2nd period - Icing by Evgeny Artyukhin.
16:23 of 2nd period - Mike Comrie wins face-off versus Steve Rucchin in Stars zone.
17:11 of 2nd period - Wrist shot by Maxim Talbot.
17:11 of 2nd period - Shot Blocked by Braydon Coburn.
17:17 of 2nd period - Slapshot by Braydon Coburn.
17:17 of 2nd period - Stopped by Antti Niemi without a rebound.
17:18 of 2nd period - David Legwand wins face-off versus Andrew Ladd in Avalanche zone.
17:29 of 2nd period - Marc Staal is hit by Cory Stillman and loses puck.
18:33 of 2nd period - Jeff Taffe is hit by David Legwand and loses puck.
18:46 of 2nd period - Brendan Bell is hit by Chuck Kobasew and loses puck.
19:31 of 2nd period - Snap shot by Marcus Nilson.
19:31 of 2nd period - Shot Blocked by John-Michael Liles.
19:33 of 2nd period - Snap shot by Steve Rucchin.
19:33 of 2nd period - Shot Blocked by Andrew Ladd.
19:51 of 2nd period - Slapshot by Mathieu Schneider.
19:51 of 2nd period - Shot Blocked by Ossi Vaananen.
3rd period
0:01 of 3rd period - Oleg Kvasha wins face-off versus David Legwand in neutral zone.
0:31 of 3rd period - Slapshot by Mike Modano.
0:31 of 3rd period - Shot Blocked by Mattias Norstrom.
0:33 of 3rd period - Slapshot by Braydon Coburn.
0:33 of 3rd period - Shot Blocked by Mattias Norstrom.
0:35 of 3rd period - Slapshot by Braydon Coburn.
0:35 of 3rd period - Stopped by Antti Niemi without a rebound.
0:36 of 3rd period - Mike Modano wins face-off versus Oleg Kvasha in Avalanche zone.
0:38 of 3rd period - Minor Penalty to Oleg Kvasha for Hooking.
0:39 of 3rd period - Mike Modano wins face-off versus Maxim Talbot in Avalanche zone.
1:46 of 3rd period - Dave Tanabe is hit by Cory Stillman and loses puck.
2:38 of 3rd period - Penalty to Oleg Kvasha is over, Oleg Kvasha is back on ice.
2:45 of 3rd period - Snap shot by Mike Comrie.
2:45 of 3rd period - Shot Misses the Net.
3:14 of 3rd period - Slapshot by Evgeny Artyukhin.
3:14 of 3rd period - Stopped by Antti Niemi with a rebound.
4:24 of 3rd period - Snap shot by Mike Comrie.
4:24 of 3rd period - Stopped by Pascal Leclaire with a rebound.
4:34 of 3rd period - Evgeny Artyukhin is hit by Éric Perrin and loses puck.
4:47 of 3rd period - Snap shot by David Legwand.
4:47 of 3rd period - Stopped by Antti Niemi without a rebound.
4:48 of 3rd period - David Legwand wins face-off versus Oleg Kvasha in Avalanche zone.
4:49 of 3rd period - Wrist shot by Milan Hejduk.
4:49 of 3rd period - Shot Misses the Net.
4:51 of 3rd period - Slapshot by Randy Jones.
4:51 of 3rd period - Deflect By Milan Hejduk.
4:51 of 3rd period - Shot Misses the Net.
4:51 of 3rd period - Puck is out of play.
4:52 of 3rd period - Oleg Kvasha wins face-off versus David Legwand in Avalanche zone.
5:35 of 3rd period - Snap shot by Milan Hejduk.
5:35 of 3rd period - Stopped by Antti Niemi with a rebound.
5:45 of 3rd period - Slapshot by David Legwand.
5:45 of 3rd period - Stopped by Antti Niemi with a rebound.
5:47 of 3rd period - Snap shot by Brendan Bell.
5:47 of 3rd period - Stopped by Antti Niemi with a rebound.
5:49 of 3rd period - Slapshot by Milan Hejduk.
5:49 of 3rd period - Shot Misses the Net.
5:51 of 3rd period - Slapshot by Randy Jones.
5:51 of 3rd period - Stopped by Antti Niemi without a rebound.
5:52 of 3rd period - Mike Modano wins face-off versus Mike Comrie in Avalanche zone.
6:08 of 3rd period - Minor Penalty to Braydon Coburn for Tripping.
6:09 of 3rd period - Mike Modano wins face-off versus Oleg Kvasha in Stars zone.
7:32 of 3rd period - Ryan Smyth is hit by David Legwand and loses puck.
8:08 of 3rd period - Penalty to Braydon Coburn is over, Braydon Coburn is back on ice.
8:57 of 3rd period - Slapshot by Mathieu Schneider.
8:57 of 3rd period - Stopped by Antti Niemi with a rebound.
10:15 of 3rd period - Milan Hejduk is hit by Andrew Ladd and loses puck.
10:34 of 3rd period - Snap shot by Steve Rucchin.
10:34 of 3rd period - Shot Blocked by Radim Vrbata.
10:36 of 3rd period - Wrist shot by Marcus Nilson.
10:36 of 3rd period - Shot Blocked by Rostislav Olesz.
11:08 of 3rd period - Éric Perrin is hit by Mark Parrish and loses puck.
11:23 of 3rd period - Jack Johnson is hit by Marcus Nilson.
12:12 of 3rd period - Minor Penalty to Mike Comrie for Hooking.
12:13 of 3rd period - Maxim Talbot wins face-off versus Mike Modano in Avalanche zone.
13:03 of 3rd period - Jack Johnson is hit by Brendan Bell and loses puck.
14:08 of 3rd period - Wrist shot by Jeff Taffe.
14:08 of 3rd period - Goal by Jeff Taffe - Stars : 2 - Avalanche : 4.
14:09 of 3rd period - David Legwand wins face-off versus Maxim Talbot in neutral zone.
14:12 of 3rd period - Penalty to Mike Comrie is over, Mike Comrie is back on ice.
14:16 of 3rd period - Snap shot by Milan Hejduk.
14:16 of 3rd period - Shot Blocked by Marc Staal.
14:18 of 3rd period - Slapshot by Milan Hejduk.
14:18 of 3rd period - Stopped by Antti Niemi with a rebound.
14:20 of 3rd period - Slapshot by Mathieu Schneider.
14:20 of 3rd period - Shot Blocked by Chuck Kobasew.
14:22 of 3rd period - Slapshot by Braydon Coburn.
14:22 of 3rd period - Stopped by Antti Niemi with a rebound.
14:24 of 3rd period - Snap shot by Mathieu Schneider.
14:24 of 3rd period - Deflect By Milan Hejduk.
14:24 of 3rd period - Stopped by Antti Niemi without a rebound.
14:25 of 3rd period - Alexei Morozov wins face-off versus Oleg Kvasha in Avalanche zone.
15:01 of 3rd period - Minor Penalty to Dave Tanabe for Roughing.
15:02 of 3rd period - Maxim Talbot wins face-off versus Patrik Elias in Avalanche zone.
16:21 of 3rd period - Andrew Ladd is hit by Braydon Coburn and loses puck.
17:01 of 3rd period - Penalty to Dave Tanabe is over, Dave Tanabe is back on ice.
17:07 of 3rd period - Steve Rucchin is hit by Rostislav Olesz and loses puck.
17:16 of 3rd period - Snap shot by Radim Vrbata.
17:16 of 3rd period - Stopped by Pascal Leclaire with a rebound.
17:23 of 3rd period - Minor Penalty to Mike Comrie for Goalie Interference.
17:24 of 3rd period - Maxim Talbot wins face-off versus David Legwand in Avalanche zone.
17:39 of 3rd period - Ossi Vaananen is hit by David Legwand.
19:23 of 3rd period - Penalty to Mike Comrie is over, Mike Comrie is back on ice.
19:24 of 3rd period - Snap shot by Evgeny Artyukhin.
19:24 of 3rd period - Stopped by Antti Niemi with a rebound.
19:26 of 3rd period - Slapshot by Jan Hlavac.
19:26 of 3rd period - Deflect By Steve Rucchin.
19:26 of 3rd period - Shot Misses the Net.
19:26 of 3rd period - Puck is out of play.
19:27 of 3rd period - Mike Modano wins face-off versus Jason Pominville in Avalanche zone.
19:36 of 3rd period - Patrik Elias is hit by Oleg Kvasha and loses puck.
Output by the SimonT Hockey Simulator (STHS) for François Prévost -- Original Page W3C XHTML 1.0 Valid